 Dungeon Crawl Stone Soup version 0.29.0-4-gdea44cf6ec (webtiles) character file.

Game seed: 10481355950257213788

390 qw the Chopper (level 6, -13/38 HPs)
             Began as a Gargoyle Fighter on Sept 9, 2022.
             Mangled by an ogre
             ... wielding a +0 giant club
              (18 damage)
             ... while paralysed by Grinder
             ... on level 5 of the Dungeon.
             The game lasted 00:01:51 (4712 turns).

qw the Chopper (Gargoyle Fighter)                   Turns: 4712, Time: 00:01:52

Health: -13/38     AC: 14    Str: 20 (21) XL:     6   Next: 80%
Magic:  6/6        EV:  2    Int:  7 (9)  God:
Gold:   272        SH:  0    Dex:  6 (9)  Spells: 5/5 levels left

rFire   . . .      SeeInvis .   Y - +1 war axe (elec)
rCold   . . .      Faith    .   c - +0 buckler
rNeg    + . .      Spirit   .   r - +0 chain mail
rPois   inf        Reflect  .   m - +0 helmet
rElec   +          Harm     .   (no cloak)
rCorr   .          Rampage  .   (no gloves)
Will    .....                   (no boots)
Stlth   ..........              h - amulet of regeneration
HPRegen 0.92/turn               (no ring)
MPRegen 0.10/turn               (no ring)

@: paralysed
A: sickness immunity, AC +4, negative energy resistance 1, electricity
resistance, torment resistance 1, petrification resistance
a: no special abilities


You were on level 5 of the Dungeon.
You visited 1 branch of the dungeon, and saw 5 of its levels.

You collected 272 gold pieces.


Innate Abilities, Weirdness & Mutations

You are immune to sickness and miasma.
Your stone body is resilient. (AC +4)
You are immune to poison.
You resist negative energy. (rN+)
You are resistant to electric shocks. (rElec)
You are resistant to unholy torment.
You are immune to petrification.


   Skills:
 - Level 4.0 Fighting
 + Level 5.6 Axes
 - Level 3.2 Armour
 - Level 1.8 Dodging
 - Level 3.2 Shields


You had 5 spell levels left.
You didn't know any spells.
Your spell library was empty.

Inventory:

Hand Weapons
 s - a +0 flail
 Y - a +1 war axe of electrocution (weapon)
Armour
 c - a +0 buckler (worn)
 m - a +0 helmet (worn)
 r - a +0 chain mail (worn)
Jewellery
 h - an amulet of regeneration (around neck)
Scrolls
 g - a scroll of identify
Potions
 a - a potion of heal wounds
 d - a potion of might
 i - 2 potions of curing
 n - a potion of flight {unknown}
 o - a potion of mutation {unknown}
 p - a potion of berserk rage {unknown}
 q - a potion of lignification {unknown}

Dungeon Overview and Level Annotations

Branches:
Dungeon (5/15)
 Temple: D:4-7

Altars:
Ashenzari
Dithmenos
Fedhas
Nemelex Xobeh
Xom
The Shining One

Annotations:
D:5 Grinder


Message History

The phantom hits you but does no damage.
Grinder blinks!
The necrophage hits you but does no damage.
You hit the necrophage.
The necrophage is heavily damaged.
You hit the phantom. Lightning courses through the phantom!
The phantom hits you but does no damage.
Grinder says, "DUCK!"
The necrophage completely misses you.
You closely miss the phantom.
The phantom is severely damaged.
You hit the necrophage.
The phantom hits you but does no damage.
Grinder gestures at you.
You suddenly lose the ability to move!
The necrophage hits you but does no damage.
A centaur comes into view.
The phantom hits you but does no damage.
The ogre hits you with a +0 giant club! The necrophage hits you.
The phantom hits you.
The phantom blinks!
You blink.
Grinder drinks a potion.
Grinder seems to speed up.
The centaur wields a +0 shortbow.
The centaur shoots an arrow.
The arrow hits you.
You can move again.
You closely miss the phantom.
The phantom is severely damaged.
You block the phantom's attack.
Grinder blinks!
An ufetubus comes into view.
The centaur shoots an arrow.
The arrow hits you. You block the phantom's attack.
The necrophage hits you but does no damage.
You closely miss the necrophage.
The necrophage is severely damaged.
You hit the phantom. Grinder gestures at you.
You suddenly lose the ability to move!
The centaur shoots an arrow.
The arrow hits you but does no damage.
The phantom hits you but does no damage.
The centaur shoots an arrow.
The arrow hits you!
The necrophage hits you but does no damage.
The ogre hits you with a +0 giant club!!
You die...

.......
#..........#
#.?........#
#.....c....#
##.........####
#.....55......#
#......)......#
#.........n@W.#
.#.........O...#
.......<.....!.#
###........##^...
#.......## ###..
#.###.### ##.# #
#.# . #.# ...


You could see Grinder (fast), an ogre, a necrophage, a phantom, a centaur and an
ufetubus.

Vanquished Creatures
  An ogre (D:3)
  Blork the orc (D:4)
  A hound (D:3)
  A jelly (D:4)
  3 gnolls (D:4)
  6 adders
  An ufetubus (D:4)
  A dart slug (D:1)
  2 orcs
  9 bats
  13 endoplasms
  6 giant cockroaches
  4 goblins
  5 hobgoblins
  7 kobolds
  3 quokkas
  12 ball pythons
  4 frilled lizards
  5 rats
85 creatures vanquished.

Vanquished Creatures (others)
  3 fungi (D:2)
  A plant (D:2)
4 creatures vanquished.

Grand Total: 89 creatures vanquished

Notes
Turn   | Place    | Note
-------+----------+-------------------------------------------
     0 | D:1      | qw the Gargoyle Fighter began the quest for the Orb.
     0 | D:1      | Reached XP level 1. HP: 14/14 MP: 1/1
     0 | D:1      | 0 ||| qw: Version: 0.1-a-113-g051387a
     0 | D:1      | 0 ||| qw: Game counter: 6948
     0 | D:1      | 0 ||| qw: Always use a shield: true
     0 | D:1      | 0 ||| qw: God list: Okawaru
     0 | D:1      | 0 ||| qw: Allow faded altars: false
     0 | D:1      | 0 ||| qw: Do Orc after D:15 true
     0 | D:1      | 0 ||| qw: Do second Lair branch before Depths: true
     0 | D:1      | 0 ||| qw: Lair rune preference: random
     0 | D:1      | 0 ||| qw: Plans: Normal, Zot, God:TSO, Crypt, Tomb, Zig,
                  | Orb
     0 | D:1      | 0 ||| PLANNING D:1-11
    43 | D:1      | Reached skill level 2 in Axes
   133 | D:1      | 133 ||| Stepping ~*~*~tactically~*~*~ (hiding).
   296 | D:1      | Reached XP level 2. HP: 17/19 MP: 2/2
   863 | D:1      | Reached skill level 3 in Axes
  1039 | D:1      | Reached XP level 3. HP: 23/23 MP: 3/3
  1699 | D:1      | 1699 ||| READING scroll labelled GYUKAO UFAPS.
  1700 | D:1      | 1700 ||| READING scroll labelled LINIQE ZEUPIM.
  1701 | D:1      | 1701 ||| READING scroll labelled HYSSAE ROGAD.
  1702 | D:1      | 1702 ||| READING scroll labelled POWNEU ZAUWEANY.
  1703 | D:1      | 1703 ||| READING scroll labelled PIAJOA GIUBLAU.
  1707 | D:1      | 1707 ||| READING scroll labelled KENWEO GEUWU.
  1708 | D:1      | 1708 ||| READING scroll labelled RAMEMYK YCODAD.
  1840 | D:2      | 1840 ||| DROPPING +0 club.
  1947 | D:2      | Found a faded altar of an unknown god.
  2300 | D:2      | Found a shimmering altar of Xom.
  2722 | D:2      | 2722 ||| READING scroll labelled REAP OPULO.
  2723 | D:2      | 2723 ||| READING scroll labelled HIHOAK PEANG.
  2724 | D:2      | 2724 ||| READING scroll labelled MEUVEU QOGHAPS.
  2747 | D:3      | Reached XP level 4. HP: 28/28 MP: 4/4
  2797 | D:3      | 2797 ||| Stepping ~*~*~tactically~*~*~ (stealth).
  2811 | D:3      | Reached skill level 4 in Axes
  3911 | D:3      | 3911 ||| UPGRADING to +0 helmet.
  3916 | D:3      | 3916 ||| UPGRADING to amulet of regeneration.
  3921 | D:3      | 3921 ||| DROPPING ring of magical power.
  3922 | D:3      | 3922 ||| READING scroll labelled PUXAGG RAIT.
  3923 | D:3      | 3923 ||| READING scroll labelled KIOPOW DOISEDY.
  3924 | D:3      | 3924 ||| DRINKING 2 cyan potions.
  3925 | D:3      | 3925 ||| DRINKING 2 dark potions.
  3935 | D:4      | Noticed an ogre
  3936 | D:4      | 3936 ||| STAIRDANCE
  3949 | D:3      | Reached XP level 5. HP: 27/32 MP: 5/5
  3958 | D:4      | 3958 ||| STAIRDANCE
  3963 | D:4      | 3963 ||| STAIRDANCE
  3968 | D:3      | Killed an ogre
  3969 | D:3      | Reached skill level 5 in Axes
  3969 | D:3      | Reached XP level 6. HP: 15/37 MP: 6/6
  4128 | D:4      | 4128 ||| Stepping ~*~*~tactically~*~*~ (stealth).
  4134 | D:4      | 4134 ||| Stepping ~*~*~tactically~*~*~ (stealth).
  4206 | D:4      | Found a glowing golden altar of the Shining One.
  4206 | D:4      | Found a shimmering altar of Xom.
  4206 | D:4      | Found a broken altar of Ashenzari.
  4206 | D:4      | Found a blossoming altar of Fedhas.
  4214 | D:4      | Found a sparkling altar of Nemelex Xobeh.
  4219 | D:4      | Found a shadowy altar of Dithmenos.
  4322 | D:4      | 4322 ||| Stepping ~*~*~tactically~*~*~ (hiding).
  4323 | D:4      | 4323 ||| Stepping ~*~*~tactically~*~*~ (hiding).
  4353 | D:4      | 4353 ||| DROPPING +0 whip.
  4472 | D:4      | Noticed Blork the orc
  4473 | D:4      | 4473 ||| Stepping ~*~*~tactically~*~*~ (hiding).
  4480 | D:4      | Killed Blork the orc
  4481 | D:4      | Reached skill level 1 in Dodging
  4652 | D:4      | 4652 ||| UPGRADING to +0 chain mail.
  4662 | D:4      | 4662 ||| DROPPING +0 scale mail.
  4663 | D:4      | 4663 ||| READING scroll labelled XUPSICH EZEANT.
  4664 | D:4      | 4664 ||| READING scroll labelled XUTI ADU FATE.
  4665 | D:4      | 4665 ||| DRINKING 3 bubbling silvery potions.
  4666 | D:4      | 4666 ||| READING 2 scrolls of identify.
  4666 | D:4      | 4666 ||| IDENTIFYING sedimented purple potion
  4667 | D:4      | 4667 ||| DROPPING 2 potions of degeneration.
  4668 | D:4      | 4668 ||| DROPPING potion of invisibility.
  4702 | D:5      | Entered Level 5 of the Dungeon
  4702 | D:5      | Noticed Grinder
  4703 | D:5      | 4703 ||| Stepping ~*~*~tactically~*~*~ (hiding).
  4707 | D:5      | Paralysed by Grinder for 3 turns
  4711 | D:5      | Paralysed by Grinder for 5 turns
  4711 | D:5      | HP: 4/38 [centaur/arrow (8)]
  4712 | D:5      | Mangled by an ogre

Levels and vault maps discovered:
D:1:      mrwooster_arrival_statue_2, layout_basic, minmay_heptomino_o4
D:2:      layout_basic, shapermc_ecumenical_altar_rom_forum, basic_altar
D:3:      layout_basic, serial_aquarium, aquarium_bridge_square
          [aquarium_subvault_wall, aquarium_subvault_balcony,
          aquarium_subvault_bridge, aquarium_subvault_window],
          aquarium_window_corridor_3, aquarium_window_1, aquarium_window_fake,
          aquarium_view_2b, aquarium_view_2a, aquarium_balcony_3a,
          aquarium_pool_side, kennysheep_nondescript,
          nicolae_concentric_dashed_squares_wild
D:4:      layout_rooms, minmay_overflow_temple_hex, minmay_quadrilaterals,
          uniq_blork_the_orc
D:5:      layout_rooms, kennysheep_donut, solitary_fountain,
          minmay_joined_circles, uniq_ijyb, uniq_prince_ribbit1, uniq_grinder

Skill      XL: |  1  2  3  4  5  6 |
---------------+-------------------+-----
Axes           | 2 3 4 5 |  5.6
Fighting       | 4 |  4.0
Dodging        | 1 |  1.8
Armour         | |  3.2
Shields        | |  3.2

Action                   |  1- 3 |  4- 6 || total
-------------------------+-------+-------++-------
Melee: War axe           |   112 |   157 ||   269
  Use: Scroll            |    10 |     5 ||    15
       Potion            |       |     3 ||     3
Armor: Scale mail        |    53 |    82 ||   135
       Chain mail        |       |    10 ||    10
Dodge: Dodged            |    46 |    73 ||   119
Block: Buckler           |    20 |    35 ||    55

Table legend:
 A = Non-vault XP
 B = Vault XP
 C = Vault XP percentage of total XP
 D = Non-vault monster count
 E = Vault monster count
 F = Vault count percentage of total count
                 A         B        C        D         E       F
            +---------+---------+-------+---------+---------+-------
      Total |     452 |     106 |  19.0 |      79 |       6 |   7.1
            +---------+---------+-------+---------+---------+-------
        D:1 |      41 |       1 |   2.4 |      22 |       1 |   4.3
        D:2 |      36 |       0 |   0.0 |      16 |       0 |   0.0
        D:3 |     257 |       0 |   0.0 |      28 |       0 |   0.0
        D:4 |     118 |     105 |  47.1 |      13 |       5 |  27.8
            +---------+---------+-------+---------+---------+-------
